 Dungeon Crawl Stone Soup version 0.29.1-2-gbd0b4ee654 (webtiles) character file.

Game seed: 11261877637925391099

15 RascalDebosk the Vexing (level 2, -5/14 HPs)
             Began as a Spriggan Arcane Marksman on Oct 29, 2022.
             Killed from afar by Terence (10 damage)
             ... with a puff of flame
             ... on level 2 of the Dungeon.
             The game lasted 00:05:25 (1180 turns).

RascalDebosk the Vexing (Spriggan Arcane Marksman)  Turns: 1180, Time: 00:05:25

Health: -5/14      AC:  2    Str:  6    XL:     2   Next: 34%
Magic:  5/5        EV: 17    Int: 14    God:
Gold:   41         SH:  0    Dex: 15    Spells: 2/3 levels left

rFire   . . .      SeeInvis +   a - +1 sling
rCold   . . .      Faith    .   (no shield)
rNeg    . . .      Spirit   .   c - +0 robe
rPois   .          Reflect  .   (helmet restricted)
rElec   .          Harm     .   (no cloak)
rCorr   .          Rampage  .   (gloves unavailable)
Will    .....                   (boots unavailable)
Stlth   +.........              d - amulet of the acrobat
HPRegen 0.04/turn               (no ring)
MPRegen 0.09/turn               (no ring)

@: very quick
A: very small, no large weapons, unfitting armour, see invisible, speed 3
a: no special abilities


You were on level 2 of the Dungeon.
You visited 1 branch of the dungeon, and saw 2 of its levels.

You collected 41 gold pieces.

Inventory:

Hand Weapons
 a - a +1 sling (weapon)
Armour
 c - a +0 robe (worn)
Jewellery
 d - an amulet of the acrobat (around neck)
Scrolls
 b - a scroll of poison
 g - a scroll of noise {unknown}
 h - a scroll of fear {unknown}
 i - a scroll of identify {unknown}
 j - a scroll of magic mapping {unknown}
 k - a scroll of amnesia {unknown}
Potions
 e - a potion of ambrosia {unknown}
 f - 2 potions of curing {unknown}


   Skills:
 + Level 1.2 Fighting
 + Level 2.4 Ranged Weapons
 + Level 3.2 Dodging
 - Level 1.3 Spellcasting
 - Level 3.6 Hexes


You had 2 spell levels left.
You knew the following spells:

 Your Spells              Type           Power      Damage    Failure   Level
a - Slow                  Hex            44%        N/A       6%          1

Your spell library contained the following spells:

 Spells                   Type           Power      Damage    Failure   Level
 Inner Flame              Hex/Fire       6%         N/A       36%         3
 Portal Projectile        Hex/Tloc       12%        N/A       36%         3
 Cause Fear               Hex            5%         N/A       50%         4


Dungeon Overview and Level Annotations

Branches:
Dungeon (2/15)

Altars:

Annotations:
D:2 Terence


Innate Abilities, Weirdness & Mutations

You are very small and have problems with some larger weapons.
You are too small for most types of armour.
You have supernaturally acute eyesight. (SInv)
You cover ground extremely quickly. (Speed+++)


Message History

You open the door. You open the door.
There is an open door here.
You open the door.
A goblin comes into view. It is wielding a +0 club.
There is an open door here.
There is an open door here.
There is an open door here.
Fire: a) +1 sling
Press: ? - help, Q - select action, (/) - cycle Shift-Dir - straight line, f - goblin
Aim: a goblin, wielding a +0 club (50% to hit)
You shoot a sling bullet.
The sling bullet barely misses the goblin.
Fire: a) +1 sling
Press: ? - help, Q - select action, (/) - cycle Shift-Dir - straight line, f/p - goblin
Aim: a goblin, wielding a +0 club (50% to hit)
You shoot a sling bullet. The sling bullet hits the goblin.
You kill the goblin!
Fire: a) +1 sling
Press: ? - help, Q - select action, (/) - cycle Shift-Dir - straight line, f - you Really target yourself? [Y]es or [N]o only, please.
Really target yourself?
Okay, then.
You open the door.
There is an open door here.
There is an open door here.
There is an open door here.
There is a dry fountain here.
There is a dry fountain here.
You see here 5 stones.
Done exploring.
You see here 5 stones.
There is an open door here.
There is a staircase leading out of the dungeon here.
There is a stone staircase leading down here.
You climb downwards.
Found 5 stones.
There is a stone staircase leading up here.
A rat comes into view.
Found 5 stones.
Fire: a) +1 sling
Press: ? - help, Q - select action, (/) - cycle Shift-Dir - straight line, f - rat
Aim: a rat (asleep, 98% to hit)
You shoot a sling bullet. The sling bullet hits the rat.
You kill the rat!
Found a dagger.
You now have 41 gold pieces (gained 18).
A bat comes into view.
Fire: a) +1 sling
Press: ? - help, Q - select action, (/) - cycle Shift-Dir - straight line, f - bat
Aim: a bat (asleep, 98% to hit)
You shoot a sling bullet. The sling bullet hits the bat.
You kill the bat!
Found a stone staircase leading down.
k - a scroll labelled LUIFAO REYNEO Terence the Incautious comes into view.
He is wielding a +5 hand axe of flaming and carrying a wand of flame (18).
Terence shouts!
Fire: a) +1 sling
Press: ? - help, Q - select action, (/) - cycle Shift-Dir - straight line, f - Terence
Aim: Terence, wielding a +5 hand axe of flaming, wearing a +0 ring mail and carrying a wand of flame (18) (61% to hit)
You shoot a sling bullet. The sling bullet barely misses Terence.
Fire: a) +1 sling
Press: ? - help, Q - select action, (/) - cycle Shift-Dir - straight line, f/p - Terence
Aim: Terence, wielding a +5 hand axe of flaming, wearing a +0 ring mail and carrying a wand of flame (18) (61% to hit)
You shoot a sling bullet. The sling bullet hits Terence.
Terence is lightly wounded.
Casting: Slow (safe; 6% risk of failure)
Confirm with . or Enter, or press ? or * to list all spells.
Aiming: Slow (safe; 6% risk of failure)
Press: ? - help, Shift-Dir - straight line, f/p - Terence
Aim: Terence, wielding a +5 hand axe of flaming, wearing a +0 ring mail and carrying a wand of flame (18) (lightly wounded, chance to affect: 58%) Terence resists with significant effort.
Terence zaps a wand.
The puff of flame misses you.
Terence zaps a wand.
The puff of flame misses you.
Fire: a) +1 sling
Press: ? - help, Q - select action, (/) - cycle Shift-Dir - straight line, f/p - Terence
Aim: Terence, wielding a +5 hand axe of flaming, wearing a +0 ring mail and carrying a wand of flame (16) (lightly wounded, 61% to hit)
You shoot a sling bullet. The sling bullet hits Terence.
Terence is moderately wounded.
Fire: a) +1 sling
Press: ? - help, Q - select action, (/) - cycle Shift-Dir - straight line, f/p - Terence
Aim: Terence, wielding a +5 hand axe of flaming, wearing a +0 ring mail and carrying a wand of flame (16) (moderately wounded, 61% to hit)
You shoot a sling bullet.
The sling bullet closely misses Terence.
Terence zaps a wand.
The puff of flame hits you!
Ouch! That really hurt!
* * * LOW HITPOINT WARNING * * *
Fire: a) +1 sling
Press: ? - help, Q - select action, (/) - cycle Shift-Dir - straight line, f/p - Terence
Aim: Terence, wielding a +5 hand axe of flaming, wearing a +0 ring mail and carrying a wand of flame (15) (moderately wounded, 61% to hit)
You shoot a sling bullet. The sling bullet hits Terence.
Terence is moderately wounded.
Terence zaps a wand.
The puff of flame hits you!
Ouch! That really hurt!
You die...

#.# ####.####
#.......#
##########.#####.#
..†.....##.# #.#
#.........# #.#
#.####.##.# #.#
#.#....##.#####.#
#@#.#####.......#
#.#.# ###...###
#.#.# #)###.##
#.#.#####.#####.#
#.@#.......(.##.#
###.#####.##.##.#
#.##...#(#.#.##
#....#.##<..##
####...###.##


You could see Terence.

Vanquished Creatures
  A ball python (D:1)
  An endoplasm (D:1)
  A goblin (D:1)
  4 hobgoblins (D:1)
  A kobold (D:1)
  2 bats
  3 frilled lizards (D:1)
  A rat (D:2)
14 creatures vanquished.

Notes
Turn   | Place    | Note
-------+----------+-------------------------------------------
     0 | D:1      | RascalDebosk the Spriggan Arcane Marksman began the quest
                  | for the Orb.
     0 | D:1      | Reached XP level 1. HP: 9/9 MP: 3/3
   284 | D:1      | Reached skill level 1 in Fighting
   578 | D:1      | Found a faded altar of an unknown god.
   684 | D:1      | Reached XP level 2. HP: 14/14 MP: 5/5
  1162 | D:2      | Noticed Terence
  1180 | D:2      | Killed from afar by Terence

Illustrated notes

Levels and vault maps discovered:
D:1:      psy_arrival_spokes, layout_basic, shapermc_ecumenical_altar_acropolis,
          minmay_cut_off
D:2:      layout_loops_ring, minmay_misc_feat_more_columns, uniq_terence,
          uniq_crazy_yiuf_cottage

Skill      XL: |  1 |
---------------+----+-----
Fighting       | 1 |  1.2
Dodging        | 3 |  3.2
Ranged Weapons | |  2.4
Spellcasting   | |  1.3
Hexes          | |  3.6

Action                   || total
-------------------------++-------
 Fire: Sling             ||    38
 Cast: Slow              ||     4
Dodge: Dodged            ||    10
